 Dungeon Crawl Stone Soup version 0.26-a0-665-gefeb406119 (webtiles) character file.

Game seed: 4407507496651252095

117359 lunkers the Spry (level 17, 0/114 HPs)
             Began as a Kobold Berserker on Oct 13, 2020.
             Was the Champion of Trog.
             Slain by an alligator snapping turtle (34 damage)
             ... on level 2 of the Shoals.
             The game lasted 00:52:27 (27887 turns).

lunkers the Spry (Kobold Berserker)                Turns: 27887, Time: 00:52:27

Health: 0/114      AC:  9    Str: 14    XL:     17   Next: 28%
Magic:  17/17      EV: 36    Int: 10    God:    Trog [******]
Gold:   1291       SH:  0    Dex: 31    Spells: 16/16 levels left

rFire    . . .     SeeInvis .   b - +4 demon blade (elec)
rCold    . . .     Faith    .   (shield restricted)
rNeg     . . .     Spirit   .   G - +1 ring mail {MR+}
rPois    +         Reflect  .   W - +0 helmet "Kiffaci" {Dex+5}
rElec    .         Harm     .   T - +1 cloak {rPois}
rCorr    .         Rampage  .   (no gloves)
MR       ++...                  (no boots)
Stlth    ++++......             C - amulet of regeneration
HPRegen  0.69/turn              U - +6 ring of dexterity
MPRegen  0.15/turn              o - +4 ring of evasion

@: berserk cooldown, slowed, very slow
A: small, nightstalker 3
a: Berserk, Trog's Hand, Brothers in Arms, Renounce Religion


You were on level 2 of the Shoals.
You worshipped Trog.
Trog was exalted by your worship.
You visited 4 branches of the dungeon, and saw 24 of its levels.

You collected 2580 gold pieces.
You spent 1289 gold pieces at shops.

Inventory:

Hand Weapons
 a - the +6 rapier of Discord {vorpal, MR+ Str-2 Stlth+}
   (Trog gifted it to you on level 9 of the Dungeon)

   It inflicts extra damage upon your enemies.
   It affects your strength (-2).
   It affects your resistance to hostile enchantments.
   It makes you more stealthy.
 b - a +4 demon blade of electrocution (weapon)
 s - a +3 demon trident of flaming
 x - a +7 quick blade of flaming
Armour
 G - a +1 ring mail of magic resistance (worn)
 I - +0 acid dragon scales
 Q - a scarf of invisibility
 T - a +1 cloak of poison resistance (worn)
 W - the +0 helmet "Kiffaci" (worn) {Dex+5}
   (You found it on level 6 of the Lair of Beasts)

   It affects your dexterity (+5).
Jewellery
 f - an uncursed ring of see invisible
 i - an uncursed ring of flight
 o - a +4 ring of evasion (right hand)
 C - an amulet of regeneration (around neck)
 J - a +6 ring of strength
 U - a +6 ring of dexterity (left hand)
Wands
 q - a wand of enslavement (6)
 y - a wand of digging (20)
 D - a wand of disintegration (16)
 H - a wand of flame (70)
 K - a wand of polymorph (27)
 L - a wand of acid (7)
 S - a wand of iceblast (10)
Scrolls
 g - 7 scrolls of blinking
 k - 22 scrolls of remove curse
 l - 3 scrolls of summoning
 n - 7 scrolls of teleportation
 A - 6 scrolls of immolation
 F - 3 scrolls of enchant armour
 M - a scroll of fog
 P - 6 scrolls of magic mapping
Potions
 c - 4 potions of stabbing
 d - 3 potions of mutation
 e - 11 potions of flight
 h - 12 potions of heal wounds
 j - 4 potions of ambrosia
 m - 2 potions of might
 r - 6 potions of haste
 u - 2 potions of magic
 z - 2 potions of berserk rage
 B - 4 potions of lignification
 E - 2 potions of cancellation
 N - 4 potions of curing
 O - a potion of invisibility
Miscellaneous
 p - a phantom mirror
 t - a lightning rod (4/4)
 Y - a tin of tremorstones (2/3)
 Z - a condenser vane (2/2)


   Skills:
 - Level 15.7 Fighting
 - Level 11.0(14.0) Short Blades
 * Level 9.9(10.8) Long Blades
 - Level 1.5 Armour
 - Level 16.8 Dodging
 - Level 15.0 Stealth
 - Level 14.0 Evocations


You had 16 spell levels left.
You didn't know any spells.
Your spell library was empty.

Dungeon Overview and Level Annotations

Branches:
Dungeon (14/15)            Temple (0/1) D:7            Lair (6/6) D:11
 Shoals (2/4) Lair:3       Spider (0/4) Lair:3        Slime (0/5) Lair:6
    Orc (2/2) D:12            Elf (0/3) Orc:2        Vaults (0/5) D:13

Altars:
Cheibriados
Dithmenos
Gozag
Nemelex Xobeh
Okawaru
Vehumet
Beogh

Shops:
D:4 }   D:5 *:([   D:14 [   Orc:2 ?}*[

Portals:
Pandemonium: Orc:2
Trove: D:13 (give +6 demon trident)

Annotations:
D:8 2 transporters, robertstho's ghost, novice GnCj
Lair:3 1 runed translucent door


Innate Abilities, Weirdness & Mutations

You are small and have problems with some larger weapons.
You are completely attuned to the shadows.


Message History

The alligator snapping turtle completely misses you.
Evoke which item? (* to show all) (? for menu, Esc to quit)
Aiming: Disintegrate
Press: ? - help, Shift-Dir - straight line, f/p - alligator snapping turtle
Aim: an alligator snapping turtle (moderately wounded, chance to defeat MR: 73%)
The alligator snapping turtle is blasted!!!
The alligator snapping turtle completely misses you.
Evoke which item? (* to show all) (? for menu, Esc to quit)
Aiming: Disintegrate
Press: ? - help, Shift-Dir - straight line, f/p - alligator snapping turtle
Aim: an alligator snapping turtle (heavily wounded, chance to defeat MR: 73%)
The alligator snapping turtle is blasted!!!
The alligator snapping turtle completely misses you.
Evoke which item? (* to show all) (? for menu, Esc to quit)
Aiming: Disintegrate
Press: ? - help, Shift-Dir - straight line, f/p - alligator snapping turtle
Aim: an alligator snapping turtle (severely wounded, chance to defeat MR: 73%)
The alligator snapping turtle is blasted!!
The alligator snapping turtle bites you from afar!!
You die...

≈≈≈≈≈≈≈≈≈ ≈≈≈≈≈≈≈≈≈≈
..≈≈≈≈≈≈≈≈ #...)≈≈≈≈. ≈.
#........ ≈≈≈. ###))####
≈≈≈≈.###.).# .≈≈≈≈≈)(.@≈.#
.≈≈≈≈≈)...≈≈..
#.≈≈≈≈≈t≈≈≈≈≈≈
..!≈≈≈≈≈≈≈≈...
......≈≈≈≈≈.(.......
.......≈≈≈≈.#.......
........≈≈≈≈......≈≈≈
........≈≈≈≈.......≈≈≈≈≈≈≈≈
.......≈≈≈≈≈≈.#.<.≈≈≈≈≈≈≈≈≈


You could see an alligator snapping turtle.

Vanquished Creatures
  Frances (D:13)
  Gastronok (D:9)
  An orc warlord (Orc:1)
  2 entropy weavers
  3 merfolk javelineers
  A fire dragon (Lair:6)
  4 merfolk impalers (Shoals:1)
  Erolcha (D:9)
  10 hydras
  A vault guard (D:13)
  Fannar (D:12)
  3 centaur warriors
  2 merfolk aquamancers
  A merfolk avatar (Shoals:1)
  A queen ant (Lair:4)
  3 two-headed ogres
  Urug (Lair:1)
  8 orc high priests
  A soul eater (Orc:2)
  A sea snake (Shoals:2)
  An unseen horror (D:14)
  A torturous demonspawn (Orc:2)
  A gelid demonspawn (Orc:2)
  2 infernal demonspawn (Orc:2)
  15 harpies (Shoals:1)
  A lindwurm (Lair:6)
  8 orc knights
  Pikel (D:8)
  6 orc sorcerers
  6 ugly things
  5 oklob plants
  4 cyclopes
  4 manticores
  5 fauns (Shoals:1)
  4 elephants (Lair:6)
  2 merfolk sirens (Shoals:1)
  8 black mambas
  3 gargoyles
  2 smoke demons (Orc:2)
  A water nymph (Shoals:1)
  3 molten gargoyles (Lair:6)
  Joseph (D:8)
  A torpor snail (Lair:4)
  2 kobold demonologists (D:14)
  14 cane toads
  Maggie (D:9)
  14 komodo dragons
  A guardian mummy (D:13)
  A red devil (Orc:2)
  A jumping spider (Lair:3)
  10 trolls
  2 wind drakes
  11 merfolk
  A harpy skeleton (D:14)
  Grinder (D:6)
  4 slime creatures (D:13)
  14 blink frogs
  6 dream sheep (Lair:5)
  A snapping turtle (Shoals:1)
  6 water elementals
  2 vampires
  2 shadows
  A redback (Lair:3)
  2 wraiths
  8 wyverns
  5 basilisks
  3 steam dragons
  2 chaos spawn (Orc:2)
  46 yaks
  4 vampire mosquitoes (D:13)
  2 wargs
  2 acid dragons
  11 soldier ants
  14 water moccasins
  2 hell hounds (Lair:6)
  42 orc warriors
  An eye of draining (D:10)
  An ice beast (D:9)
  3 phantoms
  7 sky beasts
  3 black bears
  A hornet zombie (D:6)
  2 necrophages
  18 wolves
  11 centaurs
  18 ogres
  A big kobold (D:14)
  A gnoll sergeant (D:10)
  16 bullfrogs
  A wyvern skeleton (D:10)
  2 wyvern zombies
  4 scorpions
  16 killer bees
  7 wights
  2 howler monkeys
  4 lava snakes (Lair:6)
  3 centaur zombies
  4 bullfrog zombies
  4 jellies
  5 hounds
  31 orc priests
  3 bullfrog skeletons
  A gnoll shaman (Orc:1)
  A centaur skeleton (D:8)
  26 orc wizards
  4 hell rats (Lair:5)
  4 iguanas
  33 worker ants
  A hound zombie (D:6)
  2 howler monkey zombies
  3 worker ant zombies
  10 gnolls
  14 adders
  4 shadow imps
  3 white imps
  2 ufetubi
  2 oozes (D:2)
  2 adder zombies
  3 worms
  A dart slug (D:1)
  4 leopard geckos
  93 orcs
  A giant cockroach (D:1)
  5 goblins
  7 hobgoblins
  12 jackals
  13 kobolds
  3 ball pythons
  16 bats
  2 frilled lizards
  A leopard gecko skeleton (D:4)
  A quokka skeleton (D:4)
  9 rats
822 creatures vanquished.

Vanquished Creatures (collateral kills)
  A wight (D:13)
1 creature vanquished.

Vanquished Creatures (others)
  A centaur warrior (D:13)
  A hell hound (Lair:6)
  A gnoll (Orc:1)
  An orc (Orc:2)
  31 fungi
  74 plants
109 creatures vanquished.

Grand Total: 932 creatures vanquished

Notes
Turn   | Place    | Note
-------+----------+-------------------------------------------
     0 | D:1      | lunkers the Kobold Berserker began the quest for the Orb.
     0 | D:1      | Reached XP level 1. HP: 14/14 MP: 1/1
   103 | D:1      | Reached XP level 2. HP: 15/19 MP: 2/2
   267 | D:1      | Reached skill level 1 in Stealth
   270 | D:1      | Reached XP level 3. HP: 23/23 MP: 3/3
  1154 | D:2      | Reached skill level 3 in Dodging
  1282 | D:2      | Reached skill level 5 in Short Blades
  1282 | D:2      | Reached XP level 4. HP: 24/29 MP: 4/4
  1353 | D:2      | Reached ** piety under Trog
  1470 | D:2      | Found an opulent altar of Gozag.
  1775 | D:2      | Reached XP level 5. HP: 27/33 MP: 5/5
  2840 | D:3      | Reached XP level 6. HP: 39/39 MP: 6/6
  2934 | D:3      | Found a sparkling altar of Nemelex Xobeh.
  3263 | D:4      | Found Yrchaenk's Gadget Emporium.
  3337 | D:4      | Reached skill level 4 in Dodging
  3342 | D:4      | Reached *** piety under Trog
  3542 | D:4      | Reached XP level 7. HP: 42/44 MP: 7/7
  4061 | D:4      | Reached skill level 5 in Fighting
  4193 | D:5      | Entered Level 5 of the Dungeon
  4197 | D:5      | Found Riximn's Antique Weapon Boutique.
  4219 | D:5      | Reached skill level 5 in Dodging
  4219 | D:5      | Reached skill level 5 in Stealth
  4219 | D:5      | Reached XP level 8. HP: 42/49 MP: 8/8
  4273 | D:5      | Found Luneh's Antique Armour Shop.
  4829 | D:5      | Found a snail-covered altar of Cheibriados.
  4976 | D:5      | Found Lusavius's Book Shop.
  5063 | D:5      | Found Laqunk's General Store.
  5083 | D:5      | Found a radiant altar of Vehumet.
  5547 | D:6      | Reached skill level 6 in Dodging
  5549 | D:6      | Reached XP level 9. HP: 55/55 MP: 9/9
  5614 | D:6      | Reached **** piety under Trog
  5968 | D:6      | Reached skill level 10 in Short Blades
  6372 | D:6      | Noticed Grinder
  6382 | D:6      | Killed Grinder
  6607 | D:7      | Found a shadowy altar of Dithmenos.
  6705 | D:7      | Reached skill level 7 in Dodging
  6948 | D:7      | Found an iron altar of Okawaru.
  7258 | D:7      | Found a staircase to the Ecumenical Temple.
  7300 | D:7      | Reached XP level 10. HP: 63/63 MP: 10/10
  7526 | D:8      | Noticed Pikel
  7533 | D:8      | Killed Pikel
  7533 | D:8      | Reached skill level 8 in Dodging
  8022 | D:8      | Noticed Joseph
  8026 | D:8      | Killed Joseph
  8131 | D:8      | Reached ***** piety under Trog
  8131 | D:8      | Reached skill level 10 in Stealth
  8132 | D:8      | Found a transporter.
  8151 | D:8      | Found a snail-covered altar of Cheibriados.
  8392 | D:8      | Found a transporter.
  8394 | D:8      | Noticed robertstho's ghost (novice GnCj)
  8657 | D:8      | Reached skill level 9 in Dodging
  9036 | D:9      | Noticed Maggie
  9040 | D:9      | Killed Maggie
  9092 | D:9      | Noticed Erolcha
  9104 | D:9      | Killed Erolcha
  9104 | D:9      | Reached XP level 11. HP: 71/71 MP: 11/11
  9161 | D:9      | Reached skill level 10 in Dodging
  9424 | D:9      | Received a gift from Trog
  9427 | D:9      | Got an ebony rapier {god gift}
  9428 | D:9      | Identified the +6 rapier of Discord {vorpal, MR+ Str-2
                  | Stlth+} (Trog gifted it to you on level 9 of the Dungeon)
  9809 | D:9      | Noticed a two-headed ogre
  9814 | D:9      | Reached skill level 10 in Fighting
  9835 | D:9      | Killed a two-headed ogre
 10144 | D:9      | Noticed Gastronok
 10151 | D:9      | Killed Gastronok
 10151 | D:9      | Reached skill level 11 in Dodging
 10635 | D:10     | Entered Level 10 of the Dungeon
 10771 | D:10     | Upgraded the game from 0.26-a0-663-g36e8fdb655 to
                  | 0.26-a0-665-gefeb406119
 10824 | D:10     | Reached XP level 12. HP: 80/80 MP: 12/12
 10860 | D:10     | Reached skill level 12 in Dodging
 11120 | D:10     | Reached skill level 1 in Evocations
 11965 | D:11     | Found a staircase to the Lair.
 12149 | D:12     | Reached skill level 5 in Evocations
 12249 | D:12     | Noticed a two-headed ogre
 12257 | D:12     | Killed a two-headed ogre
 12340 | D:12     | Found a staircase to the Orcish Mines.
 12504 | D:12     | Noticed a two-headed ogre
 12509 | D:12     | Killed a two-headed ogre
 12530 | D:12     | Received a gift from Trog
 12607 | D:12     | Noticed Fannar
 12611 | D:12     | Killed Fannar
 12611 | D:12     | Reached skill level 13 in Dodging
 12674 | D:12     | Noticed Maurice
 12676 | D:12     | Noticed Maurice
 12676 | D:12     | Maurice changed into Maurice the ogre
 12682 | D:12     | Killed Maurice the ogre
 12772 | D:12     | Reached XP level 13. HP: 86/86 MP: 13/13
 12972 | Lair:1   | Entered Level 1 of the Lair of Beasts
 12981 | Lair:1   | Noticed a four-headed hydra
 12985 | Lair:1   | Killed a four-headed hydra
 13483 | Lair:1   | Noticed a six-headed hydra
 13488 | Lair:1   | Killed a six-headed hydra
 13546 | Lair:1   | Noticed Urug
 13551 | Lair:1   | Killed Urug
 14311 | Lair:2   | Reached skill level 10 in Evocations
 14980 | Lair:3   | Found a runed translucent door.
 15061 | Lair:3   | Noticed a four-headed hydra
 15065 | Lair:3   | Killed a four-headed hydra
 15065 | Lair:3   | Received a gift from Trog
 15195 | Lair:3   | Got an ichor-stained falchion
 15312 | Lair:3   | Found a staircase to the Shoals.
 15701 | Lair:3   | Found a hole to the Spider Nest.
 16048 | Lair:4   | Reached skill level 14 in Dodging
 16049 | Lair:4   | Reached XP level 14. HP: 94/94 MP: 14/14
 17107 | Lair:5   | Noticed an entropy weaver
 17107 | Lair:5   | Noticed an entropy weaver
 17257 | Lair:4   | Killed an entropy weaver
 17518 | Lair:5   | Identified the +7 falchion "Ihekkemaw" {vorpal, Str+2
                  | Int+4} (You found it on level 3 of the Lair of Beasts)
 18053 | Lair:5   | Killed an entropy weaver
 18423 | Lair:6   | Entered Level 6 of the Lair of Beasts
 18675 | Lair:6   | Received a gift from Trog
 18908 | Lair:6   | Found a staircase to the Slime Pits.
 19144 | Lair:6   | Reached XP level 15. HP: 89/100 MP: 15/15
 19467 | Lair:6   | Reached skill level 15 in Stealth
 19492 | Lair:6   | Reached skill level 15 in Dodging
 19691 | Lair:6   | Reached ****** piety under Trog
 19749 | Lair:6   | Found a large runed translucent door.
 19750 | Lair:6   | Found a large runed translucent door.
 20231 | Lair:6   | Got a steaming helmet
 20242 | Lair:6   | Identified the +0 helmet "Kiffaci" {Dex+5} (You found it on
                  | level 6 of the Lair of Beasts)
 20567 | Orc:1    | Entered Level 1 of the Orcish Mines
 20577 | Orc:1    | Received a gift from Trog
 20697 | Orc:1    | Noticed an orc warlord
 20893 | Orc:1    | Killed an orc warlord
 21433 | Orc:1    | Found a roughly hewn altar of Beogh.
 21595 | Orc:2    | Entered Level 2 of the Orcish Mines
 21992 | Orc:2    | Reached skill level 16 in Dodging
 22003 | Orc:2    | Reached skill level 15 in Fighting
 22245 | Orc:2    | Found Cukupion's Magic Scroll Shop.
 22246 | Orc:2    | Found Naqem's General Store.
 22521 | Orc:2    | Received a gift from Trog
 22788 | Orc:2    | Reached XP level 16. HP: 65/108 MP: 16/16
 22802 | Orc:2    | Found Aczuet's Gadget Shoppe.
 22802 | Orc:2    | Found Eduohax's Antique Armour Emporium.
 22802 | Orc:2    | Found a one-way gate leading to the halls of Pandemonium.
 22985 | Orc:2    | Found a roughly hewn altar of Beogh.
 23006 | Orc:2    | Found a staircase to the Elven Halls.
 23401 | Orc:2    | Bought a shiny helmet for 172 gold pieces
 23424 | Orc:2    | Bought a phantom mirror for 330 gold pieces
 23424 | Orc:2    | Bought a tin of tremorstones (3/3) for 440 gold pieces
 23424 | Orc:2    | Bought a condenser vane (2/2) for 220 gold pieces
 23757 | D:13     | Reached skill level 1 in Long Blades
 23940 | D:13     | Found a portal to a secret trove of treasure.
 23994 | D:13     | Found a runed translucent door.
 24280 | D:13     | Found a gate to the Vaults.
 24441 | D:13     | Noticed Frances
 24450 | D:13     | Killed Frances
 24706 | D:13     | Received a gift from Trog
 24870 | D:13     | Identified the +2 robe "Femm" {Rampage rN+}
 24935 | D:13     | Found a roughly hewn altar of Beogh.
 25057 | D:14     | Reached skill level 5 in Long Blades
 25299 | Orc:2    | Bought a scroll of enchant weapon for 127 gold pieces
 25801 | D:14     | Found Zuafetagh's Armour Shop.
 26215 | Shoals:1 | Entered Level 1 of the Shoals
 26964 | Shoals:1 | Reached XP level 17. HP: 108/114 MP: 17/17
 27163 | Shoals:1 | Received a gift from Trog
 27887 | Shoals:2 | Slain by an alligator snapping turtle

Illustrated notes

Levels and vault maps discovered:
D:1:      dpeg_arrival_prison, layout_basic
D:2:      layout_rooms, grunt_gozag_breadcrumbs
D:3:      layout_basic, nemelex_xobeh_ov_fountains_minmay
D:4:      layout_cave_pools, nicolae_overflow_hidden_temple, serial_shops,
          nicolae_shop_window_shopping
D:5:      layout_cave_pools, vehumet_crystals, kennysheep_mini, serial_shops,
          shop, shop, nicolae_shop_trees, nicolae_shop_overgrown_old_shop,
          chequers_hall_statues_corner_a
D:6:      layout_basic, uniq_grinder
D:7:      layout_rooms, overflow_temple_1_default,
          minmay_temple_entry_antechambers, basic_altar
D:8:      layout_basic, basic_altar, serial_shops, shop_statue,
          gammafunk_ghost_mausoleum, uniq_pikel, uniq_joseph
D:9:      layout_loops_ring, lemuel_statue_altar, uniq_erolcha, uniq_gastronok,
          uniq_maggie
D:10:     layout_cave_pods, corexii_leaking_fountain
D:11:     layout_cave_pools, dpeg_oklobed_lair
D:12:     layout_cave_pools, david_orc_3, uniq_fannar, uniq_maurice
D:13:     layout_cave_pools, david_vaults_5, nicolae_trove_entry_path_of_doom,
          lightli_church_of_beogh, uniq_frances
D:14:     layout_irregular_city, serial_shops, shop, minmay_hedge_maze,
          grunt_ministairs_2, st_stairs_1, kennysheep_generic_room_7
Lair:1:   layout_misc_corridors, infiniplex_staircase_pool_2,
          minmay_lair_oklob_chamber, lemuel_fruit_fields, grunt_megastairs_5,
          uniq_urug
Lair:2:   layout_gridlike
Lair:3:   layout_concentric_octagons, elwin_shoals_entry_rocks,
          spider_nest_entry_funnel_web, ebering_ghost_reflecting_pool
Lair:4:   layout_cave_shapes, st_stairs_11
Lair:5:   layout_roguey, minmay_another_anthill
Lair:6:   cheibrodos_lair_end_hotspot, layout_cave_pods, dpeg_slime_entry_corner
Shoals:1: layout_shoals, nicolae_shoals_mertower
Shoals:2: gammafunk_its_a_trap, layout_shoals
Orc:1:    layout_caves, basic_altar
Orc:2:    pf_orc_diabolical, layout_caves, basic_altar

Skill      XL: |  1  2  3  4  5  6  7  8  9 10 11 12 13 14 15 16 17 |
---------------+----------------------------------------------------+-----
Stealth        | 1 2 3 4 5 6 8 11 12 13 14 15 | 15.0
Dodging        | 3 4 5 6 7 9 11 13 14 16 | 16.8
Short Blades   | 5 6 7 9 11 | 11.0
Fighting       | 4 5 6 7 9 11 12 13 15 | 15.7
Evocations     | 7 10 13 14 | 14.0
Long Blades    | 8 9 |  9.9
Armour         | |  1.5

Action                   |  1- 3 |  4- 6 |  7- 9 | 10-12 | 13-15 | 16-18 || total
-------------------------+-------+-------+-------+-------+-------+-------++-------
Melee: Short sword       |    77 |   105 |       |       |       |       ||   182
       Dagger            |       |    28 |   433 |   255 |       |       ||   716
       Rapier            |       |       |       |   311 |  1375 |    74 ||  1760
       Demon blade       |       |       |       |       |       |   472 ||   472
Invok: Berserk           |     1 |     1 |     2 |     5 |     8 |     9 ||    26
       Trog's Hand       |       |       |       |     1 |       |       ||     1
 Abil: Evoke Invisibilit |       |       |       |       |    14 |       ||    14
Evoke: Wand              |       |       |       |     1 |    10 |     8 ||    19
       Phantom mirror    |       |       |       |       |       |     1 ||     1
       Condenser vane    |       |       |       |       |       |     1 ||     1
       Tin of tremorston |       |       |       |       |       |     1 ||     1
  Use: Scroll            |       |     5 |     1 |     5 |    15 |    10 ||    36
 Stab: Sleeping          |    11 |    20 |    15 |    56 |    69 |    36 ||   207
       Distracted        |     2 |       |     2 |     5 |    18 |     4 ||    31
       Invisible         |       |       |       |       |    55 |       ||    55
Armor: Animal skin       |    12 |     5 |       |       |       |       ||    17
       Ring mail         |       |     9 |    29 |    15 |       |    48 ||   101
       Acid dragon scale |       |       |       |    22 |    77 |     4 ||   103
Dodge: Dodged            |    67 |    89 |   205 |   380 |  1308 |   729 ||  2778
       Rpst.: Demon blade |       |       |       |       |       |   162 ||   162

Table legend: (Time is in decaauts)
 A = Elapsed time spent in this place.
 B = Non-inter-level travel time spent in this place.
 C = Inter-level travel time spent in this place.
 D = Time resting spent in this place.
 E = Time spent auto-exploring this place.
 F = Levels seen in this place.
 G = Mean time per level.
                   A        B        C        D        E       F      G
               +--------+--------+--------+--------+--------+-----+--------+
         Total |  27216 |  25780 |   1436 |    743 |  19865 |  24 | 1134.0 |
       Dungeon |  15149 |  14333 |    816 |    253 |  11505 |  14 | 1082.1 |
          Lair |   7486 |   7035 |    451 |    302 |   5419 |   6 | 1247.7 |
        Shoals |   1764 |   1751 |     13 |     94 |   1255 |   2 |  882.0 |
  Orcish Mines |   2815 |   2661 |    154 |     94 |   1685 |   2 | 1407.5 |
               +--------+--------+--------+--------+--------+-----+--------+

Top non-repeatable levels by time:
  Lair:6: 1845 daAuts
   Orc:2: 1829 daAuts
     D:9: 1677 daAuts
Shoals:1: 1510 daAuts
    D:13: 1453 daAuts
  Lair:5: 1356 daAuts
     D:8: 1322 daAuts
     D:6: 1262 daAuts
     D:1: 1240 daAuts
  Lair:3: 1237 daAuts
  Lair:2: 1183 daAuts
     D:3: 1064 daAuts
     D:5: 1023 daAuts
    D:10: 988 daAuts
   Orc:1: 985 daAuts
